 Dungeon Crawl Stone Soup version 0.21.0-22-g11d5b52 (webtiles) character file.

611 dobroeutro the Basher (level 7, -2/41 HPs)
             Began as a Gargoyle Fighter on Jan 18, 2018.
             Killed by divine providence
             ... invoked by an orc priest
              (15 damage)
             ... on level 4 of the Dungeon.
             The game lasted 00:03:59 (2409 turns).

dobroeutro the Basher (Gargoyle Fighter)            Turns: 2409, Time: 00:03:59

Health: -2/41      AC: 14    Str: 26    XL:     7   Next: 44%
Magic:  7/7        EV:  7    Int:  9    God:
Gold:   260        SH:  9    Dex:  9    Spells: 6/6 levels left

rFire    . . .     SeeInvis +   r - +0 mace (protect)
rCold    . . .     Gourm    .   c - +0 shield
rNeg     + . .     Faith    .   b - +0 scale mail
rPois    ∞         Spirit   .   g - +1 helmet
rElec    +         Reflect  .   (no cloak)
rCorr    .         Harm     .   v - +0 pair of gloves (curse)
MR       .....                  (no boots)
Stlth    ..........             (no amulet)
HPRegen  0.13/turn              i - ring of see invisible
MPRegen  0.10/turn              e - +5 ring of strength

@: no status effects
A: negative energy resistance 1, electricity resistance, unbreathing,
petrification resistance, rot immunity, AC +4
a: no special abilities


You were on level 4 of the Dungeon.
You were not hungry.

You visited 1 branch of the dungeon, and saw 4 of its levels.

You collected 260 gold pieces.

Inventory:

Hand Weapons
 a - a +0 flail
 m - a +1 mace of holy wrath
 r - a +0 mace of protection (weapon)
 y - a +3 whip
Armour
 b - a +0 scale mail (worn)
 c - a +0 shield (worn)
 g - a +1 helmet (worn)
 v - a cursed +0 pair of gloves (worn)
Jewellery
 e - a +5 ring of strength (right hand)
 i - a ring of see invisible (left hand)
 w - an uncursed ring of resist corrosion
Scrolls
 k - 3 scrolls of identify
 l - a scroll of amnesia {unknown}
 n - 3 scrolls of teleportation {unknown}
 x - a scroll of magic mapping
 z - a scroll of enchant armour {unknown}
Potions
 d - 2 potions of might
 h - a potion of brilliance {unknown}
 j - 2 potions of mutation {unknown}
 o - a potion of agility {unknown}
 p - a potion of berserk rage {unknown}
 q - 2 potions of flight {unknown}
 s - a potion of cancellation {unknown}
 t - a potion of degeneration {unknown}
 u - a potion of lignification {unknown}
Comestibles
 f - 5 rations


   Skills:
 - Level 3.2 Fighting
 + Level 8.1 Maces & Flails
 - Level 3.2 Armour
 - Level 3.2 Shields


You had 6 spell levels left.
You didn't know any spells.

Dungeon Overview and Level Annotations

Branches:
Dungeon (4/15)
 Temple: D:4-7

Altars:
Dithmenos
Sif Muna
Trog

Annotations:
D:3 1 exclusion


Innate Abilities, Weirdness & Mutations

You are resistant to torment.
Your stone body is resilient. (AC +4)
You are immune to poison.
You resist negative energy. (rN+)
You are resistant to electric shocks. (rElec)
You can survive without breathing.
You are immune to petrification.
You are immune to rotting.


Message History

The orc closely misses you.
You hit the orc.
You kill the orc!
The orc priest invokes the aid of Beogh against you.
Beogh smites you!
The orc wizard miscasts a cantrip.
You hit the orc but do no damage. The orc closely misses you.
The orc priest mumbles some strange prayers to Beogh against you.
Beogh smites you!
You are too injured to fight recklessly!
You are too injured to fight recklessly!
You are too injured to fight recklessly!
You are too injured to fight recklessly!
You are too injured to fight recklessly!
Unknown command.
The orc barely misses you.
The orc wizard casts a cantrip, but nothing happens.
The orc priest mumbles some strange prayers to Beogh against you.
Beogh smites you!
You die...

# #.####.....#### ...
#.[.######....##
.......###.# ####..##
........†..## ##..#####
......####..#### #.).....#
.>..>.# ##....# #..÷....#
.......## #....# #.......#
......oo###....## #.(.....#
......†...o.@...# #.......#
..$.............# #.......#
#.##.....o......####.......#
#..
##.............##.......#
#.#
#............#.###.######
###.###.#..........#..##.#
##.......#...........#.<#.#
.........#########.#.##.#.#
.........# #...##...#


You could see an orc priest, an orc wizard and 2 orcs.

Vanquished Creatures
  The ghost of loralnil the Covert, an amateur GnWn (D:4)
  A scorpion (D:4)
  An orc priest (D:3)
  Terence (D:3)
  3 worker ants (D:4)
  A hound skeleton (D:4)
  4 gnolls (D:4)
  9 adders
  4 dart slugs
  3 leopard geckos
  8 orcs
  A ball python (D:1)
  6 bats
  9 giant cockroaches
  4 goblins
  14 hobgoblins
  8 jackals
  3 quokkas (D:3)
  5 frilled lizards
  7 kobolds
  13 rats
106 creatures vanquished.

Notes
Turn   | Place    | Note
-------+----------+-------------------------------------------
     0 | D:1      | dobroeutro the Gargoyle Fighter began the quest for the Orb.
     0 | D:1      | Reached XP level 1. HP: 14/14 MP: 1/1
   178 | D:1      | Reached XP level 2. HP: 19/19 MP: 2/2
   234 | D:1      | Reached skill level 3 in Maces & Flails
   332 | D:1      | Reached XP level 3. HP: 13/23 MP: 3/3
   860 | D:2      | Reached skill level 4 in Maces & Flails
   887 | D:2      | Found a bloodstained altar of Trog.
   920 | D:2      | Reached XP level 4. HP: 28/28 MP: 4/4
  1385 | D:3      | Reached skill level 5 in Maces & Flails
  1388 | D:3      | Reached XP level 5. HP: 18/32 MP: 5/5
  1428 | D:3      | Noticed Terence
  1441 | D:3      | Killed Terence
  1454 | D:3      | Found a deep blue altar of Sif Muna.
  1897 | D:3      | Reached skill level 6 in Maces & Flails
  2057 | D:4      | Found a shadowy altar of Dithmenos.
  2074 | D:4      | Reached XP level 6. HP: 34/37 MP: 6/6
  2092 | D:4      | Noticed loralnil's ghost (amateur GnWn)
  2135 | D:4      | Killed loralnil's ghost
  2135 | D:4      | Reached skill level 7 in Maces & Flails
  2135 | D:4      | Reached XP level 7. HP: 25/41 MP: 7/7
  2332 | D:4      | Reached skill level 8 in Maces & Flails
  2409 | D:4      | Killed from afar by an orc priest

Skill      XL: |  1  2  3  4  5  6  7 |
---------------+----------------------+-----
Maces & Flails | 3 4 5 6 7 8 |  8.1
Fighting       | |  3.2
Armour         | |  3.2
Shields        | |  3.2

Action                   |  1- 3 |  4- 6 |  7- 9 || total
-------------------------+-------+-------+-------++-------
Melee: Flail             |    97 |   199 |       ||   296
       Whip              |    21 |       |       ||    21
       Mace              |       |    95 |    66 ||   161
  Use: Scroll            |     3 |       |       ||     3
       Potion            |       |     2 |       ||     2
  Eat: Chunk             |       |     5 |     1 ||     6
Armor: Scale mail        |    78 |   223 |    38 ||   339
Dodge: Dodged            |    45 |   109 |    16 ||   170
Block: Shield            |    78 |   214 |    30 ||   322
